 Dungeon Crawl Stone Soup version 0.17-a0-802-g1f09329 (console) character file.

188 dunyain the Chopper (level 5, 0/38 HPs)
             Began as a Demonspawn Gladiator on Apr 26, 2015.
             Was an Initiate of Okawaru.
             Succumbed to a worker ant's poison
             ... in the Ecumenical Temple.
             The game lasted 00:05:26 (3285 turns).

dunyain the Chopper (Demonspawn Gladiator)          Turns: 3285, Time: 00:05:26

Health: 0/38       AC: 10    Str: 15    XL:     5   Next: 39%
Magic:  5/5        EV: 12    Int: 10    God:    Okawaru [......]
Gold:   193        SH:  0    Dex: 14    Spells: 0 memorised, 4 levels left

rFire  + . .     SeeInvis .     a - +0 war axe
rCold  + + .     Clarity  .     b - +0 leather armour
rNeg   . . .     SustAb   .     (no shield)
rPois  +         Gourm    .     c - +0 helmet
rElec  +         Spirit   .     u - +0 cloak
rCorr  +         Warding  .     (no gloves)
rMut   .         Stasis   .     (no boots)
MR     .....                    (no amulet)
Stlth  ++........               y - ring of protection from cold
                                j - +4 ring of protection

@: lethally poisoned (0 -> -7), resistant, not resistant to hostile
enchantments, unstealthy
A: molten scales 1, nightstalker 1
a: Renounce Religion


You were in the Ecumenical Temple.
You worshipped Okawaru.
Okawaru was noncommittal.
You were not hungry.

You visited 2 branches of the dungeon, and saw 5 of its levels.

You collected 193 gold pieces.

Inventory:

Hand weapons
 a - a +0 war axe (weapon)
Missiles
 d - 4 throwing nets (quivered)
Armour
 b - a +0 leather armour (worn)
 c - a +0 helmet (worn)
 u - a +0 cloak (worn)
Jewellery
 j - a +4 ring of protection (left hand)
 p - a +2 ring of strength
 y - a ring of protection from cold (right hand)
Scrolls
 f - 7 scrolls of identify {unknown}
 t - a scroll of immolation {unknown}
 w - a scroll of random uselessness {unknown}
 x - a scroll of fear {unknown}
Potions
 h - a potion of might
Comestibles
 e - 4 bread rations
 l - 2 meat rations
 v - a fruit


   Skills:
 - Level 2.0 Fighting
 + Level 5.6 Axes
 - Level 1.7 Throwing
 - Level 2.6 Dodging


You had 4 spell levels left.
You didn't know any spells.

Dungeon Overview and Level Annotations

Branches:
Dungeon (4/15)             Temple (1/1) D:4

Altars:
Dithmenos
Elyvilon
Makhleb
Nemelex Xobeh
Okawaru
Ru
Sif Muna
Trog
Xom
Zin

Annotations:
D:3 exclusion: downstairs, dunyain's ghost, average DsGl
D:4 exclusion: 2 ogres


Innate Abilities, Weirdness & Mutations

You are partially covered in molten scales (AC +1).
You are slightly more attuned to the shadows.


Message History

You feel sick.
You are very lightly contaminated with residual magic.
Drink which item? (? for menu, Esc to quit)
It was a potion of cancellation.
Your magical effects are unravelling.
Your magical contamination has completely faded away.
You feel magically purged.
Your resistance to elements expires.
You feel yourself slow down.
You feel a little less mighty now.
Drink which item? (? for menu, Esc to quit)
You feel protected.
You float gracefully downwards.
* * * LOW HITPOINT WARNING * * *
You feel sick.
You aren't carrying any items that can be evoked.
* * * LOW HITPOINT WARNING * * *
You feel sick.
You climb downwards.
Welcome to the Ecumenical Temple!
You die...

#########
######.......#####
######........#........
###........#####'#####...
.....#########.....###
..#### ##.........## ###
#...........# #
#.....@.....# #######
#...........# #.....###
##.........## ._......##
###.....### .........#
####### ...⌠.._..#
.........# ._......##
#.....###


There were no monsters in sight!

Vanquished Creatures
  A worker ant (D:4)
  9 adders
  3 worms (D:2)
  2 orcs (D:3)
  9 bats
  6 giant cockroaches
  10 goblins
  7 hobgoblins
  11 kobolds
  A quokka (D:4)
  3 giant geckos
  3 giant newts
  6 jackals
  7 rats
78 creatures vanquished.

Notes
Turn   | Place    | Note
--------------------------------------------------------------
     0 | D:1      | dunyain, the Demonspawn Gladiator, began the quest for the Orb.
     0 | D:1      | Reached XP level 1. HP: 16/16 MP: 1/1
   135 | D:1      | Reached skill level 3 in Axes
   201 | D:1      | Gained mutation: You are slightly more attuned to the shadows. [demonic ancestry]
   201 | D:1      | Reached XP level 2. HP: 22/22 MP: 2/2
   837 | D:2      | Reached XP level 3. HP: 27/27 MP: 3/3
   888 | D:2      | Reached skill level 4 in Axes
  1143 | D:2      | Reached XP level 4. HP: 33/33 MP: 4/4
  1487 | D:2      | Found a burning altar of Makhleb.
  1839 | D:3      | Reached skill level 5 in Axes
  2067 | D:3      | Noticed dunyain's ghost (average DsGl)
  2454 | D:3      | Gained mutation: You are partially covered in molten scales (AC +1). [demonic ancestry]
  2454 | D:3      | Reached XP level 5. HP: 38/38 MP: 5/5
  2457 | D:3      | Found a sparkling altar of Nemelex Xobeh.
  2828 | D:4      | Noticed an ogre
  2970 | D:4      | Noticed an ogre
  3067 | D:4      | Found a staircase to the Ecumenical Temple.
  3072 | Temple   | Entered the Ecumenical Temple
  3215 | Temple   | Became a worshipper of Warmaster Okawaru
  3284 | D:4      | HP: 1/38 [poisoned by a worker ant]
  3285 | Temple   | Succumbed to a worker ant's poison

Action                   |  1- 3 |  4- 6 || total
-------------------------+-------+-------++-------
Melee: War axe           |    93 |   167 ||   260
  Use: Potion            |       |     6 ||     6
 Stab: Sleeping          |     1 |     4 ||     5
       Distracted        |       |     1 ||     1
  Eat: Chunk             |     1 |     7 ||     8
